 Dungeon Crawl Stone Soup version 0.29-a0-330-g52719c12eb (webtiles) character file.

Game seed: 17276153759546754273

205 Ajdolov the Ruffian (level 5, -5/29 HPs)
             Began as a Vine Stalker Fighter on Apr 23, 2022.
             Slain by Duvessa
             ... wielding a +5 short sword of venom
              (8 damage)
             ... on level 4 of the Dungeon.
             The game lasted 00:04:04 (3523 turns).

Ajdolov the Ruffian (Vine Stalker Fighter)          Turns: 3523, Time: 00:04:05

Health: -5/29      AC:  8    Str: 21    XL:     5   Next: 83%
Magic:  0/6        EV: 10    Int:  8    God:
Gold:   139        SH:  9    Dex: 11    Spells: 4/4 levels left

rFire   . . .      SeeInvis .     - Unarmed
rCold   . . .      Faith    .   b - +0 buckler
rNeg    . . .      Spirit   +   z - +3 leather armour "Xedwosm" {rPois Dex-2 Stlth+}
rPois   +          Reflect  +   y - +0 helmet
rElec   .          Harm     .   (no cloak)
rCorr   .          Rampage  .   (no gloves)
Will    ++...                   s - +0 pair of boots
Stlth   ++........              x - amulet of reflection
HPRegen 0.89/turn               k - ring of willpower
MPRegen 0.10/turn               q - ring of willpower

@: no status effects
A: fangs 2, regeneration 1, magic shield, antimagic bite, no potion heal 2
a: no special abilities


You were on level 4 of the Dungeon.
You visited 1 branch of the dungeon, and saw 4 of its levels.

You collected 139 gold pieces.

Inventory:

Armour
 b - a +0 buckler (worn)
 s - a +0 pair of boots (worn)
 y - a +0 helmet (worn)
 z - the +3 leather armour "Xedwosm" (worn) {rPois Dex-2 Stlth+}
   (You found it on level 4 of the Dungeon)

   Dex:       It affects your dexterity (-2).
   rPois:     It protects you from poison.
   Stlth:     It makes you more stealthy.
Jewellery
 k - a ring of willpower (left hand)
 q - a ring of willpower (right hand)
 v - a ring of positive energy
 x - an amulet of reflection (around neck)
Scrolls
 f - a scroll of torment {unknown}
 h - a scroll of immolation {unknown}
 i - a scroll of teleportation {unknown}
 l - 2 scrolls of enchant weapon {unknown}
 m - a scroll of identify {unknown}
 n - 2 scrolls of noise {unknown}
 p - a scroll of fear {unknown}
 t - 2 scrolls of magic mapping {unknown}
 u - a scroll of vulnerability {unknown}
 w - a scroll of amnesia {unknown}
Potions
 c - 2 potions of might
 d - a potion of magic {unknown}
 e - 2 potions of lignification {unknown}
 g - 2 potions of curing
 j - a potion of cancellation {unknown}
 o - 2 potions of flight {unknown}
 r - a potion of degeneration {unknown}


   Skills:
 + Level 3.9 Fighting
 - Level 2.4 Armour
 - Level 2.6 Shields
 * Level 4.9 Unarmed Combat


You had 4 spell levels left.
You didn't know any spells.
Your spell library was empty.

Dungeon Overview and Level Annotations

Branches:
Dungeon (4/15)
 Temple: D:4-7

Altars:

Annotations:
D:4 Dowan, Duvessa


Innate Abilities, Weirdness & Mutations

You have extremely sharp teeth.
Your natural rate of healing is unusually fast.
When hurt, damage is shared between your health and your magic reserves.
Your bite disrupts and absorbs the magic of your enemies.
Potions cannot restore your health.


Message History

You block Duvessa's attack.
Duvessa says, "When magic and the sword combine, nothing stands against them."
Duvessa hits you with a +5 short sword of venom!
You hit Duvessa but do no damage. Your bite misses Duvessa.
Duvessa is heavily wounded.
You block Duvessa's attack.
You barely miss Duvessa. You bite Duvessa, but do no damage.
Duvessa is heavily wounded.
You block Duvessa's attack.
You barely miss Duvessa. Your bite misses Duvessa.
Duvessa is heavily wounded.
Duvessa hits you with a +5 short sword of venom.
Duvessa barely misses you.
You hit Duvessa but do no damage.
Duvessa is heavily wounded.
Duvessa barely misses you.
Dowan mumbles some strange words.
Dowan blinks!
You hit Duvessa but do no damage. Your bite misses Duvessa.
Duvessa is heavily wounded.
You block Duvessa's attack. Duvessa closely misses you.
You hit Duvessa. You bite Duvessa. You drain her power.
You feel invigorated.
Duvessa is heavily wounded.
Duvessa hits you with a +5 short sword of venom.
You hit Duvessa. You bite Duvessa, but do no damage.
Duvessa is severely wounded.
You block Duvessa's attack. Dowan casts a spell at you.
The puff of flame hits you.
Duvessa hits you with a +5 short sword of venom!
* * * LOW HITPOINT WARNING * * *
You punch Duvessa! You bite Duvessa, but do no damage.
Duvessa is almost dead.
Duvessa hits you with a +5 short sword of venom.
* * * LOW HITPOINT WARNING * * *
You block Dowan's attack.
Unknown command.
It was a potion of curing.
That felt strangely inert.
Duvessa hits you with a +5 short sword of venom!
You die...

###.###...#..##
##...#########
#..##.......#
#...........#
#...#.......#
.....#...##.####
####.###.##.# #.
#.##e# #. #.##@#
#. #.##e# #.##.#
#..#[# #.# #.#
#.# #.#
...e......#


You could see Duvessa (fast) and Dowan.

Vanquished Creatures
  A phantom (D:4)
  Robin (D:4)
  3 adders (D:4)
  An ufetubus (D:4)
  A dart slug (D:3)
  4 orcs (D:4)
  2 bats
  11 endoplasms
  A giant cockroach (D:4)
  15 goblins
  5 hobgoblins
  4 jackals
  5 kobolds
  2 quokkas (D:1)
  7 ball pythons
  5 frilled lizards
  7 rats
75 creatures vanquished.

Notes
Turn   | Place    | Note
-------+----------+-------------------------------------------
     0 | D:1      | Ajdolov the Vine Stalker Fighter began the quest for the
                  | Orb.
     0 | D:1      | Reached XP level 1. HP: 11/11 MP: 2/2
   433 | D:1      | Reached XP level 2. HP: 10/16 MP: 1/3
   814 | D:1      | Reached skill level 3 in Unarmed Combat
   893 | D:1      | Reached XP level 3. HP: 15/20 MP: 4/4
  1744 | D:2      | You fall into a shaft and drop 1 floor!
  3145 | D:4      | Gained mutation: Your natural rate of healing is unusually
                  | fast. [Vine Stalker growth]
  3145 | D:4      | Reached XP level 4. HP: 13/24 MP: 3/5
  3291 | D:4      | Noticed a phantom
  3312 | D:4      | Killed a phantom
  3313 | D:4      | Reached skill level 4 in Unarmed Combat
  3313 | D:4      | Reached XP level 5. HP: 26/29 MP: 4/6
  3337 | D:4      | Noticed Robin
  3374 | D:4      | Killed Robin
  3467 | D:4      | Identified the +3 leather armour "Xedwosm" {rPois Dex-2
                  | Stlth+}
  3483 | D:4      | Noticed Duvessa
  3498 | D:4      | Noticed Dowan
  3523 | D:4      | Slain by Duvessa

Illustrated notes

Levels and vault maps discovered:
D:1:      minmay_arrival_open_corners, layout_loops_ring, grunt_decor_one_mirror
D:2:      wander_river, layout_basic
D:3:      layout_basic, grunt_ministairs_15
D:4:      layout_rooms, serial_shops, shop, minmay_rat_hole, uniq_robin,
          uniq_duvessa

Skill      XL: |  1  2  3  4 |
---------------+-------------+-----
Fighting       | 3 |  3.9
Unarmed Combat | 3 4 |  4.9
Armour         | |  2.4
Shields        | |  2.6

Action                   |  1- 3 |  4- 6 || total
-------------------------+-------+-------++-------
Melee: Unarmed           |   132 |   115 ||   247
       Bite              |    28 |    34 ||    62
  Use: Potion            |       |     1 ||     1
Armor: Scale mail        |    47 |    18 ||    65
       Leather armour    |       |     2 ||     2
Dodge: Dodged            |    45 |    29 ||    74
Block: Buckler           |    20 |    51 ||    71
       Reflection        |       |     1 ||     1

Table legend: (Time is in decaauts)
 A = Elapsed time spent in this place.
 B = Non-inter-level travel time spent in this place.
 C = Inter-level travel time spent in this place.
 D = Time resting spent in this place.
 E = Time spent auto-exploring this place.
 F = Levels seen in this place.
 G = Mean time per level.
                   A        B        C        D        E       F      G
               +--------+--------+--------+--------+--------+-----+--------+
         Total |   3520 |   3409 |    111 |      0 |   2838 |   4 |  880.0 |
       Dungeon |   3520 |   3409 |    111 |      0 |   2838 |   4 |  880.0 |
               +--------+--------+--------+--------+--------+-----+--------+

Top non-repeatable levels by time:
     D:1: 1442 daAuts
     D:3: 1113 daAuts
     D:2: 572 daAuts
     D:4: 391 daAuts
